 Dungeon Sprint DCSS version 0.20-a0-548-g4f8a798 (webtiles) character file.

85 dvd the Cudgeler (level 4, -20/49 HPs)
             Began as a Troll Berserker on Feb 1, 2017.
             Was a Priest of Trog.
             Killed from afar by a deep elf mage (38 damage)
             ... with a bolt of lightning
             ... in the Dungeon (Sprint III: "The Ten Rune Challenge").
             The game lasted 00:01:44 (196 turns).

dvd the Cudgeler (Troll Berserker)                   Turns: 196, Time: 00:01:44

Health: -20/49     AC:  5    Str: 25    XL:     4   Next: 25%
Magic:  3/3        EV: 11    Int:  3    God:    Trog [***...]
Gold:   12         SH:  0    Dex: 10    Spells: 3/3 levels left

rFire    . . .     SeeInvis .   a - +0 mace
rCold    . . .     Gourm    +   b - +0 animal skin
rNeg     . . .     Faith    .   (no shield)
rPois    .         Spirit   .   (helmet restricted)
rElec    .         Reflect  .   (no cloak)
rCorr    .         Harm     .   (gloves unavailable)
MR       .....     NoTele   +   (boots unavailable)
Stlth    +.........             (no amulet)
Regen    0.6/turn               (no ring)
                                (no ring)

@: flying
A: unfitting armour, claws 3, fast metabolism 3, gourmand, regeneration 1,
shaggy fur 1, tough skin 2
a: Berserk, Trog's Hand, Burn Spellbooks, Renounce Religion


You were in the Dungeon.
You worshipped Trog.
Trog was most pleased with you.
You were not hungry.

You visited 1 branch You collected 12 gold pieces.

Inventory:

Hand Weapons
 a - a +0 mace (weapon)
Armour
 b - a +0 animal skin (worn)
Scrolls
 i - a scroll of blinking
 l - 2 scrolls of torment {unknown}
 m - 2 scrolls of identify {unknown}
 n - 2 scrolls of remove curse
 r - a scroll of recharging {unknown}
Potions
 d - a potion of curing
 e - a potion of heal wounds
 f - a potion of haste
 g - 2 potions of magic
 h - a potion of berserk rage
 p - 2 potions of cure mutation
Comestibles
 c - 2 bread rations
 o - 2 meat rations


   Skills:
 + Level 4.6 Fighting
 + Level 5.1 Maces & Flails
 + Level 4.7 Dodging
 + Level 0.3 Stealth


You had 3 spell levels left.
You didn't know any spells.

Dungeon Overview and Level Annotations

Branches:
Dungeon (1/1)

Altars:
Elyvilon
Zin
The Shining One


Innate Abilities, Weirdness & Mutations

You are too large for most types of armour.
You have claws for hands.
Your metabolism is lightning-fast.
You like to eat raw meat.
Your natural rate of healing is unusually fast.
You are covered in fur. (AC +1)
You have very tough skin. (AC +2)


Message History

The deep elf mage hits you with a long sword of holy wrath.
You closely miss the deep elf mage.
The deep elf mage casts a spell.
The deep elf mage blinks!
There is an open door here.
You barely miss the deep elf mage. The deep elf mage closely misses you.
You sock the deep elf mage!
The deep elf mage is lightly wounded.
The deep elf mage hits you with a long sword of holy wrath.
You closely miss the deep elf mage.
The deep elf mage is lightly wounded.
The deep elf mage gestures at you while chanting.
The bolt of lightning hits you!
Ouch! That really hurt!
You hit the deep elf mage.
The deep elf mage is moderately wounded.
The deep elf mage points at you and mumbles some strange words.
The bolt of lightning hits you!
Ouch! That really hurt!
You die...

▓▓▓ ▓▓▓ ..#### ##.#####
.....#####..#___#
......#..#..#...#
.##...#..#..###'#+###+##
.###..##'#..#...@e.....#
#.##..###...'.⌠........#
.##..####...#...######+#
.##..###....#.⌠.#
##...##.....#...#
#....#÷.....#+###
#..##.#.....#
#..#####....# ▓▓▓▓
▓▓▓▓▓▓


You could see a deep elf mage.

Vanquished Creatures
  A water elemental (D)
  A human (D)
  An ooze (D)
  A phantom (D)
  3 rats (D)
7 creatures vanquished.

Vanquished Creatures (others)
  2 draconian scorchers (D)
  6 hellions (D)
  A yaktaur (D)
9 creatures vanquished.

Grand Total: 16 creatures vanquished

Notes
Turn   | Place    | Note
-------+----------+-------------------------------------------
     0 | D        | dvd the Troll Berserker began the quest for the Orb.
     0 | D        | Reached XP level 1. HP: 22/22 MP: 0/0
    14 | D        | Reached skill level 3 in Maces & Flails
    32 | D        | Reached ** piety under Trog
    60 | D        | HP: 1/33 [human (6)]
    62 | D        | Reached XP level 2. HP: 2/31 MP: 1/1
    91 | D        | Killed a hellion
    91 | D        | Killed a hellion
    92 | D        | Killed a hellion
    92 | D        | Killed a hellion
    93 | D        | Killed a hellion
   104 | D        | Reached skill level 4 in Maces & Flails
   104 | D        | Reached XP level 3. HP: 39/39 MP: 2/2
   125 | D        | Killed a white draconian scorcher
   127 | D        | Noticed a water elemental
   129 | D        | Killed a white draconian scorcher
   135 | D        | Killed a water elemental
   135 | D        | Reached *** piety under Trog
   135 | D        | Reached skill level 5 in Maces & Flails
   135 | D        | Reached XP level 4. HP: 49/49 MP: 3/3
   147 | D        | Killed a yaktaur
   163 | D        | Gained mutation: Your flesh is cold resistant. (rC+) [potion of beneficial mutation]
   164 | D        | Gained mutation: You tend to lose your temper in combat. [potion of mutation]
   164 | D        | Gained mutation: Scrolls take you a little longer to read. [potion of mutation]
   164 | D        | Gained mutation: Your body sometimes deteriorates upon taking damage. [potion of mutation]
   165 | D        | Gained mutation: You are dopey. (Int -2) [potion of mutation]
   165 | D        | Gained mutation: You expend magic power (3 MP) to strengthen your wands. [potion of mutation]
   165 | D        | Gained mutation: Your body often deteriorates upon taking damage. [potion of mutation]
   168 | D        | Lost mutation: You are dopey. (Int -2) [potion of cure mutation]
   168 | D        | Lost mutation: Scrolls take you a little longer to read. [potion of cure mutation]
   168 | D        | Lost mutation: Your flesh is cold resistant. (rC+) [potion of cure mutation]
   168 | D        | Lost mutation: Your body often deteriorates upon taking damage. [potion of cure mutation]
   168 | D        | Lost mutation: Your body sometimes deteriorates upon taking damage. [potion of cure mutation]
   169 | D        | Lost mutation: You tend to lose your temper in combat. [potion of cure mutation]
   169 | D        | Lost mutation: You expend magic power (3 MP) to strengthen your wands. [potion of cure mutation]
   173 | D        | Killed a hellion
   186 | D        | Found a glowing silver altar of Zin.
   186 | D        | Found a glowing golden altar of the Shining One.
   186 | D        | Found a white marble altar of Elyvilon.
   187 | D        | Noticed a deep elf mage
   196 | D        | Killed from afar by a deep elf mage

Vault maps used:
D:        dungeon_sprint_mu

Skill      XL: |  1  2  3 |
---------------+----------+-----
Maces & Flails | 3 4 5 |  5.1
Dodging        | 3 4 |  4.7
Fighting       | 3 4 |  4.6
Stealth        | |  0.3

Action                   |  1- 3 |  4- 6 || total
-------------------------+-------+-------++-------
Melee: Mace              |    30 |     6 ||    36
Invok: Berserk           |     2 |       ||     2
       Trog's Hand       |     1 |       ||     1
  Use: Potion            |       |     7 ||     7
 Stab: Sleeping          |     1 |       ||     1
  Eat: Chunk             |       |     3 ||     3
Armor: Animal skin       |     7 |       ||     7
Dodge: Dodged            |     5 |     2 ||     7
